 Dungeon Crawl Stone Soup version 0.28.0-45-g0d030f2227 (webtiles) character file.

Game seed: 84086008992175083

102 MisterFreud the Ruffian (level 4, -2/38 HPs)
             Began as a Ghoul Monk on Mar 31, 2022.
             Was the Champion of Ignis.
             Killed by divine providence
             ... invoked by an orc priest
              (14 damage)
             ... on level 4 of the Dungeon.
             The game lasted 00:03:20 (2675 turns).

MisterFreud the Ruffian (Ghoul Monk)                Turns: 2675, Time: 00:03:20

Health: -2/38      AC:  2    Str: 16    XL:     4   Next: 77%
Magic:  3/3        EV: 16    Int:  5    God:    Ignis [******]
Gold:   24         SH:  0    Dex: 11    Spells: 3/3 levels left

rFire   + . .      SeeInvis .     - Unarmed
rCold   + . .      Faith    .   (no shield)
rNeg    + + +      Spirit   .   a - +0 robe
rPois   ∞          Reflect  .   (no helmet)
rElec   .          Harm     .   (no cloak)
rCorr   .          Rampage  .   (no gloves)
Will    .....                   (no boots)
Stlth   +.........              (no amulet)
HPRegen 0.00/turn               e - +4 ring of evasion
MPRegen 0.08/turn               (no ring)

@: confused, inhibited regen
A: claws 1, cold resistance 1, negative energy resistance 3, inhibited
regeneration, torment resistance 2
a: Renounce Religion, Fiery Armour, Foxfire Swarm, Rising Flame


You were on level 4 of the Dungeon.
You worshipped Ignis.
Ignis was exalted by your worship.
You visited 1 branch of the dungeon, and saw 4 of its levels.

You collected 66 gold pieces.
You spent 42 gold pieces at shops.

Inventory:

Missiles
 i - 5 atropa-tipped darts (quivered)
 m - a boomerang
Armour
 a - a +0 robe (worn)
Jewellery
 e - a +4 ring of evasion (left claw)
Scrolls
 b - 3 scrolls of identify {unknown}
 c - a scroll of silence {unknown}
 f - a scroll of enchant weapon {unknown}
 h - a scroll of teleportation {unknown}
 k - a scroll of noise {unknown}
Potions
 d - 2 potions of magic {unknown}
 g - a potion of haste {unknown}
 j - a potion of might {unknown}
 l - a potion of curing


   Skills:
 - Level 3.2 Fighting
 - Level 2.6 Dodging
 - Level 2.1 Stealth
 + Level 5.9 Unarmed Combat


You had 3 spell levels left.
You didn't know any spells.
Your spell library contained the following spells:

 Spells                   Type           Power      Damage    Failure   Level
 Irradiate                Conj/Tmut      0%         3d13      100%        5
 Summon Hydra             Summ           0%         N/A       100%        7
 Sublimation of Blood     Necr           Unusable   N/A       N/A         2
 Wereblood                Tmut           Unusable   N/A       N/A         2
 Blade Hands              Tmut           Unusable   N/A       N/A         5
 Dragon Form              Tmut           Unusable   N/A       N/A         7

Dungeon Overview and Level Annotations

Branches:
Dungeon (4/15)
 Temple: D:4-7

Altars:
Dithmenos
Makhleb
Okawaru
Ru
Wu Jian
Ignis

Shops:
D:3 !

Annotations:
D:4 Blork the orc


Innate Abilities, Weirdness & Mutations

You thrive by killing the living.
You are immune to poison.
You have sharp fingernails.
Your flesh is cold resistant. (rC+)
You are immune to negative energy. (rN+++)
You do not regenerate when monsters are visible.
You are immune to unholy pain and torment.


Message History

There are monsters nearby!
The orc closely misses you.
The orc wizard gestures at you while chanting.
The puff of flame hits you. You resist.
There are monsters nearby!
You scratch the orc priest but do no damage.
The orc closely misses you.
The orc wizard mumbles some strange words.
The orc wizard flickers and vanishes!
Deactivating autopickup; reactivate with Ctrl-A.
The orc priest closely misses you.
You barely miss the orc priest. The orc hits you with a +0 flail.
The orc misses you.
You claw the orc!
You kill the orc!
The orc barely misses you.
No target in view!
No target in view!
No target in view!
You scratch the orc.
The orc is heavily wounded.
You claw something! Your claw misses something.
No target in view!
No target in view!
No target in view!
The orc priest mumbles some strange prayers to Beogh against you.
Beogh smites you!
You hear some strange, mumbled words.
You are confused.
You are too injured to fight recklessly!
You hear some strange, mumbled words.
You are more confused.
Okay, then.
Something hits you.
You bump into the rock wall.
Something hits you but does no damage.
You closely miss something.
You bump into the rock wall.
The orc priest calls down the wrath of Beogh upon you.
Beogh smites you!
You die...

#... ... #..##
####...# ## #..
#... .#
##..##..##.# #....
#.<#.######
##....##..........
#......#.@........
#.)#..........
##.o..†.......
#................
#................
#................
..................
.......###########
.......#


You could see an orc priest.

Vanquished Creatures
  2 adders (D:3)
  A worm (D:2)
  8 dart slugs
  3 orcs
  7 endoplasms
  2 giant cockroaches
  4 goblins
  8 quokkas
  4 ball pythons
  3 bats
  5 frilled lizards
  8 kobolds
  8 rats
63 creatures vanquished.

Vanquished Creatures (others)
  A fungus (D:1)
1 creature vanquished.

Grand Total: 64 creatures vanquished

Notes
Turn   | Place    | Note
-------+----------+-------------------------------------------
     0 | D:1      | MisterFreud the Ghoul Monk began the quest for the Orb.
     0 | D:1      | Reached XP level 1. HP: 19/19 MP: 0/0
   164 | D:1      | Reached XP level 2. HP: 26/26 MP: 1/1
   168 | D:1      | Reached skill level 4 in Unarmed Combat
   377 | D:1      | Found a faded altar of an unknown god.
   408 | D:1      | Prayed at the altar of an unknown god.
   408 | D:1      | Became a worshipper of Ignis, the Dying Flame
   408 | D:1      | Reached ****** piety under Ignis
   458 | D:1      | Reached XP level 3. HP: 31/31 MP: 2/2
   938 | D:2      | Reached skill level 5 in Unarmed Combat
  1630 | D:2      | Reached XP level 4. HP: 32/38 MP: 3/3
  1809 | D:3      | Found Saxkusch's Distillery.
  1816 | D:3      | Bought a potion of curing for 42 gold pieces
  1840 | D:3      | Found an iron altar of Okawaru.
  1841 | D:3      | Found a sacrificial altar of Ru.
  1842 | D:3      | Found a burning altar of Makhleb.
  1843 | D:3      | Found an ornate altar of the Wu Jian Council.
  2319 | D:3      | Found a shadowy altar of Dithmenos.
  2608 | D:4      | Noticed Blork the orc
  2675 | D:4      | Killed from afar by an orc priest

Illustrated notes

Levels and vault maps discovered:
D:1:      psy_arrival_radial01, layout_rooms,
          shapermc_ecumenical_altar_mp_urbaneastern, minmay_small_reverse_x
D:2:      layout_basic
D:3:      layout_basic, nicolae_dithmenos_the_darkroom,
          mainiacjoe_overflow_alcove_3, serial_shops, nicolae_shop_behind_doors,
          kennysheep_cluttered_room, chequers_serial_rivers_micro_d,
          chequers_serial_rivers_micro_b, chequers_serial_rivers_small_a,
          hangedman_decor_clover_reticule, lemuel_old_faithful
D:4:      layout_basic, ebering_ghost_gozag, hex_intersection,
          minmay_misc_feat_x, dk_vineyard_3, uniq_blork_the_orc

Skill      XL: |  1  2  3 |
---------------+----------+-----
Unarmed Combat | 4 5 |  5.9
Fighting       | |  3.2
Dodging        | |  2.6
Stealth        | |  2.1

Action                   |  1- 3 |  4- 6 || total
-------------------------+-------+-------++-------
Melee: Unarmed           |   108 |    57 ||   165
       Punch             |     3 |     1 ||     4
 Stab: Sleeping          |     8 |     1 ||     9
Armor: Robe              |    10 |     7 ||    17
Dodge: Dodged            |    54 |    44 ||    98
